 Dungeon Crawl Stone Soup version 0.24-a0-715-g0b739ee41d (webtiles) character file.

Game seed: 9894174447772471865, levelgen mode: deterministic

118951 Gargoyl the Cleaver (level 16, -3/149 HPs)
             Began as a Centaur Abyssal Knight on Sept 29, 2019.
             Was the Champion of Lugonu.
             Killed by static electricity
             ... invoked by an insubstantial wisp
              (5 damage)
             ... on level 2 of the Swamp on Sept 30, 2019.
             The game lasted 01:02:30 (33181 turns).

Gargoyl the Cleaver (Centaur Abyssal Knight)       Turns: 33181, Time: 01:02:31

Health: -3/149     AC: 32    Str: 26    XL:     16   Next: 26%
Magic:  25/25      EV:  9    Int: 14    God:    Lugonu [******]
Gold:   2241       SH: 13    Dex: 20    Spells: 15/15 levels left

rFire    . . .     SeeInvis .   D - +6 hand axe of Conscience {flame, rC+ Str+5}
rCold    + + .     Gourm    .   O - +2 shield
rNeg     . . .     Faith    .   B - +2 chain mail of the Thinker {MR+ Dex+4}
rPois    .         Spirit   .   m - +2 hat {MR+}
rElec    .         Reflect  .   o - +2 cloak
rCorr    .         Harm     .   d - +2 pair of gloves
MR       ++++.                  M - +4 centaur barding {rC+}
Stlth    ..........             s - amulet of regeneration
HPRegen  0.74/turn              K - ring of protection from magic
MPRegen  0.19/turn              L - ring of Ticuwas {Int+3 Dex+2 Slay+2}

@: lethally poisoned (-3 -> -20), studying Necromancy, very quick
A: large, hooves 3, thin skeletal structure 1, deformed body, speed 2, robust 1,
strong 1, tough skin 3
a: Depart the Abyss, Bend Space, Banish, Corrupt, Enter the Abyss, Brand Weapon
With Distortion, Renounce Religion


You were on level 2 of the Swamp.
You worshipped Lugonu.
Lugonu was exalted by your worship.
You were near starving.

You visited 4 branches of the dungeon, and saw 25 of its levels.
You visited the Abyss 2 times.
You also visited: Ossuary, Ice Cave and Volcano.

You collected 3470 gold pieces.
You spent 1229 gold pieces at shops.

Inventory:

Hand Weapons
 D - the +6 hand axe of Conscience (weapon) {flame, rC+ Str+5}
   (You bought it in a shop on level 6 of the Dungeon)

   It has been specially enchanted to burn those struck by it, causing extra
   injury to most foes and up to half again as much damage against particularly
   susceptible opponents.
   Big, fiery blades are also staple armaments of hydra-hunters.
   It affects your strength (+5).
   It protects you from cold.
 G - a +1 broad axe
 S - a +4 war axe of freezing
Missiles
 A - 13 javelins (quivered)
Armour
 d - a +2 pair of gloves (worn)
 m - a +2 hat of magic resistance (worn)
 o - a +2 cloak (worn)
 z - the +1 helmet of Guerywek {Int+4 SInv}
   (You found it on level 8 of the Dungeon)

   It affects your intelligence (+4).
   It lets you see invisible.
 B - the +2 chain mail of the Thinker (worn) {MR+ Dex+4}
   (You took it off an orc on level 4 of the Dungeon)

   It affects your dexterity (+4).
   It affects your resistance to hostile enchantments.
 M - a +4 centaur barding of cold resistance (worn)
 O - a +2 shield (worn)
Jewellery
 s - an amulet of regeneration (around neck)
 C - an uncursed amulet of the acrobat
 K - a ring of protection from magic (left hand)
 L - the ring of Ticuwas (right hand) {Int+3 Dex+2 Slay+2}
   (You found it in an ice cave)

   [ring of slaying]

   It affects your intelligence (+3).
   It affects your dexterity (+2).
   It affects your accuracy and damage with ranged weapons and melee attacks
   (+2).
 T - an uncursed ring of resist corrosion
Wands
 i - a wand of clouds (5)
 k - a wand of scattershot (4)
 l - a wand of flame (22)
 r - a wand of digging (6)
 v - a wand of polymorph (23)
 F - a wand of iceblast (27)
 H - a wand of disintegration (11)
 I - a wand of paralysis (14)
 J - a wand of acid (12)
Scrolls
 b - 2 scrolls of fog
 g - 6 scrolls of remove curse
 w - 10 scrolls of identify
 x - 13 scrolls of teleportation
 y - 3 scrolls of magic mapping
 E - 2 scrolls of fear
 P - a scroll of silence
Potions
 e - a potion of berserk rage
 f - a potion of mutation
 h - 3 potions of magic
 j - 4 potions of ambrosia
 n - 3 potions of curing
 p - a potion of flight
 q - a potion of haste
 t - 2 potions of resistance
 u - 3 potions of brilliance
 Q - a potion of might
 R - a potion of agility
Books
 N - a manual of Necromancy
Miscellaneous
 a - a lightning rod (4/4)
Comestibles
 c - 51 rations


   Skills:
 + Level 10.9 Fighting
 + Level 13.9 Axes
 + Level 1.1 Throwing
 * Level 12.0 Armour
 * Level 9.0 Dodging
 + Level 5.1 Shields
 * Level 12.9 Invocations
 + Level 1.1 Evocations


You had 15 spell levels left.
You didn't know any spells.
Your spell library contained the following spells:

 Spells                   Type           Power        Failure   Level  Hunger
 Beastly Appendage        Tmut           #.....       96%         1    ##.....
 Corona                   Hex            #......      96%         1    ##.....
 Magic Dart               Conj           #...         96%         1    ##.....
 Sandblast                Erth           #.....       96%         1    ##.....
 Sting                    Conj/Pois      #...         96%         1    ##.....
 Blink                    Tloc           N/A          99%         2    ###....
 Call Imp                 Summ           #.......     99%         2    ###....
 Ensorcelled Hibernation  Hex/Ice        #.....       99%         2    ###....
 Passwall                 Tmut/Erth      #.......     99%         2    ###....
 Poisonous Vapours        Pois/Air       #.....       99%         2    ###....
 Slow                     Hex            #.......     99%         2    ###....
 Sticks to Snakes         Tmut           #.......     99%         2    ###....
 Swiftness                Chrm/Air       #.......     99%         2    ###....
 Confuse                  Hex            #.......     100%        3    ####...
 Conjure Flame            Conj/Fire      #.......     100%        3    ####...
 Dazzling Spray           Conj/Hex       #.....       100%        3    ####...
 Inner Flame              Hex/Fire       #.......     100%        3    ####...
 Mephitic Cloud           Conj/Pois/Air  #.......     100%        3    ####...
 Portal Projectile        Hex/Tloc       #.....       100%        3    ####...
 Spider Form              Tmut/Pois      #.........   100%        3    ####...
 Static Discharge         Conj/Air       #.......     100%        3    ####...
 Stone Arrow              Conj/Erth      #.....       100%        3    ####...
 Tukima's Dance           Hex            #.......     100%        3    ####...
 Cause Fear               Hex            #.........   100%        4    #####..
 Fulminant Prism          Conj/Hex       #.........   100%        4    #####..
 Ice Form                 Ice/Tmut       #.......     100%        4    #####..
 Leda's Liquefaction      Hex/Erth       #.........   100%        4    #####..
 Petrify                  Tmut/Erth      #.......     100%        4    #####..
 Alistair's Intoxication  Tmut/Pois      #.......     100%        5    ######.
 Blade Hands              Tmut           #.........   100%        5    ######.
 Lee's Rapid Deconstruct  Erth           #.........   100%        5    ######.
 Freezing Cloud           Conj/Ice/Air   #.........   100%        6    #######
 Hydra Form               Tmut           #.........   100%        6    #######
 Iron Shot                Conj/Erth      #.........   100%        6    #######
 Ring of Flames           Chrm/Fire      #.........   100%        7    #######


Dungeon Overview and Level Annotations

Branches:
Dungeon (15/15)            Temple (0/1) D:4            Lair (6/6) D:11
  Swamp (2/4) Lair:2        Snake (0/4) Lair:3        Slime (0/5) Lair:6
    Orc (2/2) D:12            Elf (0/3) Orc:2        Vaults (0/5) D:14
 Depths (0/5) D:15        Ossuary (visited)           IceCv (visited)
Volcano (visited)

Altars:
Cheibriados
Dithmenos
Elyvilon
Fedhas
Gozag
Kikubaaqudgha
Makhleb
Nemelex Xobeh
Ru
Sif Muna
Trog
Uskayaw
Vehumet
Zin
The Shining One
Beogh
Jiyva

Shops:
D:5 }   D:6 (   D:7 }   D:10 *   D:15 =((?   Orc:2 (:[*

Annotations:
Lair:1 , corrupted
Abyss:1 Sonja


Innate Abilities, Weirdness & Mutations

You have hooves in place of feet.
Armour fits poorly on your strangely shaped body.
You cover ground very quickly.
You have extremely tough skin. (AC +3)
You have a somewhat thin skeletal structure. (Dex +2, Stealth)
You are robust. (+10% HP)
Your muscles are strong. (Str +2)


Message History

The swamp dragon looks frightened!
You are engulfed in poison gas.
You are more poisoned.
* * * LOW HITPOINT WARNING * * *
x2 You feel very sick.
The insubstantial wisp hits you but does no damage.
You feel better.
You are engulfed in poison gas.
You are poisoned.
* * * LOW HITPOINT WARNING * * *
You feel sick.
You block the insubstantial wisp's attack.
You are engulfed in poison gas.
You are lethally poisoned!
* * * LOW HITPOINT WARNING * * *
x2 You feel very sick.
You see here a +0 spear.
* * * LOW HITPOINT WARNING * * *
You feel sick.
The insubstantial wisp thrums sharply.
You are struck by an arc of lightning.
You die...

♣♣♣♣♣♣♣♣♣♣♣ ♣♣
♣♣.%@°≈....♣ ♣♣≈
♣.vvv≈≈.>≈≈. ♣≈≈≈
♣D≈°°...≈≈≈.
♣♣..≈♣♣≈..°≈≈.≈≈≈.
♣≈......♣♣.≈≈.≈≈≈≈
♣♣♣♣...≈°♣≈...≈≈≈≈
♣..≈○≈..≈≈≈≈≈≈≈
...≈.≈☼○.≈≈≈≈.≈≈.
≈........≈≈≈≈≈.≈≈≈.


You could see a swamp dragon (fleeing) and 3 insubstantial wisps.

Vanquished Creatures
  Jorgrun (Orc:1)
  Gastronok (D:12)
  2 orc warlords
  A dire elephant (Lair:6)
  An ettin (D:15)
  The ghost of losten the Fighter, a journeyman DsBe of Trog (D:10)
  8 hydras
  3 vault guards (D:14)
  2 ice dragons (IceCv)
  5 centaur warriors
  A catoblepas (Lair:6)
  A tengu warrior (D:15)
  3 two-headed ogres
  5 death yaks
  4 orc high priests (Orc:2)
  Nergalle (Lair:1)
  A hell knight (Volcano)
  A deep elf knight (D:15)
  A wretched star (Abyss:1)
  A sun demon (Volcano)
  3 swamp dragons
  6 orc knights
  A wolf spider zombie (D:14)
  A deep elf archer (D:15)
  7 orc sorcerers
  A mana viper (shapeshifter) (D:13)
  17 ugly things
  2 deep elf magi
  A cyclops (D:15)
  3 elephants (Lair:6)
  4 black mambas
  A black mamba (shapeshifter) (D:15)
  A guardian serpent (shapeshifter) (D:13)
  A centaur zombie (D:13)
  3 torpor snails (Lair:3)
  13 spiny frogs
  2 ice statues (IceCv)
  2 gargoyles (D:13)
  3 kobold demonologists
  9 rime drakes
  A redback zombie (D:15)
  5 komodo dragons
  4 yaktaurs (D:15)
  A freezing wraith (D:14)
  10 polar bears
  8 trolls
  A tengu conjurer (D:15)
  2 tyrant leeches (Swamp:1)
  4 hornets
  A wind drake (shapeshifter) (D:14)
  11 hippogriffs
  2 bog bodies (Swamp:1)
  4 raiju (Lair:6)
  A meliai zombie (D:12)
  10 blink frogs
  6 dream sheep (Lair:6)
  6 wyverns
  A shadow (D:12)
  2 vampires
  2 wraiths
  3 spriggans
  5 water elementals
  25 yaks
  7 basilisks
  7 fire bats (Volcano)
  9 humans
  2 hungry ghosts
  A steam dragon (Lair:4)
  18 vampire mosquitoes
  9 wargs
  3 swamp worms (Swamp:1)
  3 nagas (Lair:3)
  8 insubstantial wisps
  2 soldier ants
  An acid dragon (D:7)
  A harpy simulacrum (D:15)
  A large abomination (Abyss:1)
  17 water moccasins
  14 hell hounds
  The ghost of seIthillrisiriel the Sneak, an amateur SpAs (D:4)
  9 porcupines
  2 swamp drakes
  13 black bears
  22 ice beasts
  51 orc warriors
  3 sky beasts
  3 necrophages
  14 ogres
  A boggart (D:4)
  32 wolves
  3 phantoms (D:12)
  13 centaurs
  21 crocodiles
  5 big kobolds
  10 bullfrogs
  A water moccasin zombie (D:4)
  2 scorpions
  A troll zombie (D:12)
  A water moccasin skeleton (D:5)
  30 killer bees
  5 howler monkeys
  5 jellies
  8 crimson imps
  9 lava snakes (Volcano)
  2 quasits
  2 bullfrog zombies
  31 orc priests
  7 hounds
  A bullfrog skeleton (D:7)
  7 centaur skeletons
  Terence (D:3)
  3 iguanas
  41 orc wizards
  5 worker ants
  5 ogre zombies (D:12)
  A killer bee zombie (D:8)
  3 centaur simulacra
  A hound zombie (D:8)
  A mummy (Ossuary)
  A hound skeleton (D:11)
  3 gnolls (D:9)
  12 adders
  4 shadow imps
  4 white imps
  2 worker ant simulacra (D:10)
  An ufetubus (D:15)
  2 worms
  3 dart slugs
  6 leopard geckos
  176 orcs
  5 giant cockroaches
  9 goblins
  3 hobgoblins
  21 jackals
  4 quokkas
  A ball python (D:4)
  2 bats
  6 frilled lizards
  4 gnoll skeletons (Ossuary)
  A goblin skeleton (D:12)
  4 goblin zombies (D:12)
  A hobgoblin skeleton (D:12)
  5 hobgoblin zombies (D:12)
  23 kobolds
  8 kobold skeletons (Ossuary)
  14 orc skeletons
  7 orc zombies (D:12)
  3 quokka skeletons
  A quokka zombie (D:5)
  7 rats
  A rat zombie (D:5)
  A butterfly (Lair:4)
  4 fungi
  5 plants
1073 creatures vanquished.

Vanquished Creatures (others)
  The ghost of Tabucwom the Thaumaturge, a journeyman DEFE of Vehumet (Lair:1)
  A lindwurm (D:8)
  An ugly thing (D:12)
  A moth of wrath (Lair:1)
  2 hornets (Lair:1)
  A raiju (Lair:6)
  7 spriggans (Lair:1)
  A human (D:14)
  A fungus (Lair:1)
  9 plants
25 creatures vanquished.

Grand Total: 1098 creatures vanquished

Notes
Turn   | Place    | Note
-------+----------+-------------------------------------------
     0 | Abyss:1  | Gargoyl the Centaur Abyssal Knight began the quest for the
                  | Orb.
     0 | Abyss:1  | Reached XP level 1. HP: 19/19 MP: 2/2
   172 | Abyss:1  | Noticed an orange demon
   220 | Abyss:2  | Noticed a large abomination
   269 | Abyss:2  | Noticed a lich
   292 | D:1      | Escaped the Abyss
   331 | D:1      | You fall into a shaft and drop 1 floor!
   368 | D:2      | Reached * piety under Lugonu
   439 | D:2      | Reached skill level 1 in Dodging
   439 | D:2      | Reached XP level 2. HP: 26/26 MP: 3/3
   455 | D:2      | Reached skill level 2 in Axes
   678 | D:2      | Reached XP level 3. HP: 31/31 MP: 4/4
  1808 | D:2      | Reached XP level 4. HP: 25/38 MP: 5/5
  1922 | D:2      | Found a sparkling altar of Nemelex Xobeh.
  1948 | D:2      | Found a glowing golden altar of the Shining One.
  2315 | D:3      | Reached ** piety under Lugonu
  2406 | D:3      | Reached XP level 5. HP: 42/45 MP: 6/6
  2486 | D:3      | Noticed Terence
  2505 | D:3      | Killed Terence
  2505 | D:3      | Reached skill level 3 in Axes
  3150 | D:4      | Found a staircase to the Ecumenical Temple.
  3194 | D:4      | Found a runed translucent gate.
  3195 | D:4      | Found a runed translucent gate.
  3199 | D:4      | Found a runed translucent gate.
  3203 | D:4      | Noticed seIthillrisiriel's ghost (amateur SpAs)
  3205 | D:4      | Found a roughly hewn altar of Beogh.
  3205 | D:4      | Identified the +2 chain mail of the Thinker {MR+ Dex+4}
  3230 | D:4      | Reached XP level 6. HP: 33/52 MP: 8/8
  3251 | D:4      | Killed seIthillrisiriel's ghost
  3494 | D:4      | Reached skill level 4 in Axes
  3494 | D:4      | Reached XP level 7. HP: 59/59 MP: 9/9
  3614 | D:4      | Identified Sif Muna's Volume of Floating Changing
  3687 | D:4      | Found a hide-covered altar of Uskayaw.
  3973 | D:4      | Found a shimmering blue altar of Sif Muna.
  4063 | D:5      | Entered Level 5 of the Dungeon
  4080 | D:5      | Reached *** piety under Lugonu
  4178 | D:5      | Found a glowing silver altar of Zin.
  4197 | D:5      | Found a sand-covered staircase.
  4205 | Ossuary  | Entered an ossuary
  4205 | Ossuary  | Noticed a wraith
  4205 | Ossuary  | Noticed a wraith
  4205 | Ossuary  | Noticed a wraith
  4350 | Ossuary  | Noticed a wraith
  4368 | Ossuary  | Killed a wraith
  4368 | Ossuary  | Reached skill level 5 in Axes
  4529 | D:5      | Reached **** piety under Lugonu
  4593 | D:5      | Reached XP level 8. HP: 67/67 MP: 11/11
  4637 | D:5      | Found Cantoc's Gadget Boutique.
  5099 | D:5      | Found a burning altar of Makhleb.
  5099 | D:5      | Found a sacrificial altar of Ru.
  5106 | D:5      | Reached skill level 6 in Axes
  5965 | D:6      | Reached skill level 5 in Invocations
  5976 | D:6      | Found Onediac's Weapon Shop.
  6875 | D:7      | Found a shadowy altar of Dithmenos.
  6935 | D:7      | Reached skill level 5 in Fighting
  6935 | D:7      | Reached XP level 9. HP: 48/73 MP: 12/12
  7338 | D:7      | Found Vomicae's Gadget Shoppe.
  7373 | D:7      | Reached skill level 5 in Armour
  7431 | D:7      | Reached ***** piety under Lugonu
  7437 | D:7      | Gained mutation: You have a somewhat thin skeletal
                  | structure. (Dex +2, Stealth) [potion of mutation]
  7437 | D:7      | Gained mutation: You are robust. (+10% HP) [potion of
                  | mutation]
  7437 | D:7      | Gained mutation: Your muscles are strong. (Str +2) [potion
                  | of mutation]
  7450 | D:7      | HP: 4/80 [poisoned by a killer bee]
  7455 | D:7      | HP: 4/80 [poisoned by a killer bee]
  7760 | D:7      | Reached skill level 7 in Axes
  7815 | D:7      | Found an opulent altar of Gozag.
  7859 | D:7      | Found an ancient bone altar of Kikubaaqudgha.
  8188 | D:8      | Found a viscous altar of Jiyva.
  8393 | D:8      | Noticed a two-headed ogre
  8513 | D:8      | Found a radiant altar of Vehumet.
  8526 | D:8      | Got a polished helmet
  8532 | D:8      | Identified the +1 helmet of Guerywek {Int+4 SInv} (You
                  | found it on level 8 of the Dungeon)
  8582 | D:8      | Noticed a lindwurm
  8582 | D:8      | a two-headed ogre changed into a lindwurm
  8589 | D:8      | Banished a lindwurm
  8680 | D:8      | Reached skill level 1 in Evocations
  8783 | D:8      | Reached XP level 10. HP: 91/91 MP: 14/14
  9421 | D:9      | Got a crude rapier
  9422 | D:9      | Identified the cursed +1 rapier "Vidukou" {pierce, Str+5}
                  | (You found it on level 9 of the Dungeon)
  9917 | D:9      | Reached skill level 8 in Axes
 10142 | D:9      | Found a blossoming altar of Fedhas.
 10377 | D:9      | Noticed a smoke demon
 10694 | D:10     | Entered Level 10 of the Dungeon
 11197 | D:10     | Found a roughly hewn altar of Beogh.
 11492 | D:10     | Noticed losten's ghost (journeyman DsBe)
 11514 | D:10     | Found a runed translucent gate.
 11514 | D:10     | Found a runed translucent gate.
 11514 | D:10     | Found a runed translucent gate.
 11686 | D:10     | Found Qoosch's Assorted Antiques.
 11761 | D:10     | Got a twisted scale mail
 11772 | D:10     | Identified the +4 scale mail of Ponor {Str+3} (You found it
                  | on level 10 of the Dungeon)
 11971 | D:10     | Reached ****** piety under Lugonu
 12124 | D:10     | Killed losten's ghost
 12125 | D:10     | Reached XP level 11. HP: 100/100 MP: 16/16
 12253 | D:10     | Identified a scroll of acquirement
 12304 | D:11     | Reached skill level 9 in Axes
 12692 | D:11     | Reached skill level 5 in Dodging
 13280 | D:11     | Found a staircase to the Lair.
 13346 | D:11     | Identified the Reference Book on Malediction
 13604 | D:12     | Noticed Sonja
 13935 | D:12     | Banished Sonja
 14024 | D:12     | Noticed Gastronok
 14048 | D:12     | Killed Gastronok
 14200 | D:12     | Reached skill level 10 in Axes
 14364 | D:12     | Found a staircase to the Orcish Mines.
 14491 | D:12     | Noticed a brown ugly thing
 14503 | D:12     | Banished a brown ugly thing
 14673 | D:6      | Bought the +6 hand axe of Conscience {flame, rC+ Str+5} for
                  | 718 gold pieces
 14955 | D:12     | Reached XP level 12. HP: 76/110 MP: 18/18
 15150 | D:12     | Identified the Handbook of Attacks and Transformation
 15307 | Lair:1   | Entered Level 1 of the Lair of Beasts
 15836 | Lair:1   | Found a transporter.
 15843 | Lair:1   | Found a transporter.
 15846 | Lair:1   | Noticed Tabucwom's ghost (journeyman DEFE)
 15862 | Lair:1   | Identified the +8 trident of Trial by Ordeal {vamp, rPois
                  | rF+}
 15865 | Lair:1   | Found a bloodstained altar of Trog.
 15874 | Lair:1   | Identified the +10 spear "Akarphuz" {antimagic, *Slow rElec
                  | rC+ Str+3}
 15882 | Lair:1   | You fall into a shaft and drop 1 floor!
 16045 | Lair:2   | Found a staircase to the Swamp.
 16114 | Lair:2   | Noticed a death yak
 16114 | Lair:2   | Noticed a death yak
 16116 | Lair:2   | Noticed a death yak
 16125 | Lair:2   | Noticed a death yak
 16145 | Lair:1   | Killed a death yak
 16417 | Lair:1   | Noticed Nergalle
 16435 | Lair:1   | Killed Nergalle
 16549 | Lair:1   | Identified the ring of Spring {*Tele Str+7 Dex-4}
 16586 | Lair:1   | Found a white marble altar of Elyvilon.
 17178 | Abyss:1  | Reached skill level 11 in Axes
 17203 | Lair:1   | Escaped the Abyss
 17204 | Lair:1   | Corrupted Lair:1
 17204 | Lair:1   | Noticed a deep elf sorcerer
 17209 | Lair:1   | Noticed a great orb of eyes
 17233 | Lair:1   | Killed Tabucwom's ghost
 17538 | Lair:2   | Noticed a death yak
 17555 | Lair:2   | Killed a death yak
 17559 | Lair:2   | Killed a death yak
 17562 | Lair:2   | Killed a death yak
 17565 | Lair:2   | Killed a death yak
 18302 | Lair:3   | Reached XP level 13. HP: 103/117 MP: 20/20
 18644 | Lair:3   | Reached skill level 10 in Invocations
 18922 | Lair:3   | Found a snail-covered altar of Cheibriados.
 19063 | Lair:3   | Found a staircase to the Snake Pit.
 19570 | Lair:4   | Upgraded the game from 0.24-a0-699-g5a66b1aa3b to
                  | 0.24-a0-715-g0b739ee41d
 19744 | Lair:4   | Found a dark tunnel.
 19745 | Lair:4   | Got a distressingly furry ring mail
 19746 | Lair:4   | Identified the +1 ring mail "Rounaup" {Dex+3} (You found it
                  | on level 4 of the Lair of Beasts)
 19761 | Volcano  | Entered a volcano
 19944 | Volcano  | Reached skill level 10 in Armour
 19975 | Volcano  | Found a burning altar of Makhleb.
 21242 | Lair:5   | Reached skill level 1 in Shields
 21513 | Lair:6   | Entered Level 6 of the Lair of Beasts
 21547 | Lair:6   | Reached skill level 12 in Axes
 21919 | Lair:6   | Reached XP level 14. HP: 121/129 MP: 22/22
 22621 | Lair:6   | Found a staircase to the Slime Pits.
 23733 | D:13     | Found a frozen archway.
 23750 | IceCv    | Entered an ice cave
 24099 | IceCv    | Got a sparkling lapis lazuli ring
 24232 | IceCv    | Identified the ring of Ticuwas {Int+3 Dex+2 Slay+2} (You
                  | found it in an ice cave)
 25681 | D:14     | Reached skill level 1 in Throwing
 25806 | D:14     | Reached XP level 15. HP: 135/138 MP: 23/23
 25945 | D:14     | Reached skill level 10 in Fighting
 26212 | D:14     | Reached skill level 13 in Axes
 26489 | D:14     | Found a gate to the Vaults.
 26539 | D:15     | Entered Level 15 of the Dungeon
 26543 | D:15     | Found Xoceidar's Weapon Emporium.
 26946 | D:15     | Found Temitat's Magic Scroll Shoppe.
 26949 | D:15     | Bought a scroll of enchant armour for 120 gold pieces
 26949 | D:15     | Bought a scroll of enchant armour for 120 gold pieces
 26949 | D:15     | Bought a scroll of teleportation for 48 gold pieces
 26949 | D:15     | Bought a scroll of teleportation for 48 gold pieces
 27044 | D:15     | Found Cehy's Weapon Shop.
 27068 | D:15     | Found a staircase to the Depths.
 27259 | D:15     | Found Omnegh's Jewellery Shoppe.
 27841 | Orc:1    | Entered Level 1 of the Orcish Mines
 28103 | Orc:1    | Noticed Jorgrun
 28123 | Orc:1    | Killed Jorgrun
 28446 | Orc:1    | Found a roughly hewn altar of Beogh.
 28553 | Orc:2    | Entered Level 2 of the Orcish Mines
 28726 | Orc:2    | Noticed an orc warlord
 28959 | Orc:1    | Killed an orc warlord
 30350 | Orc:2    | Noticed an orc warlord
 30574 | Orc:2    | Reached XP level 16. HP: 149/149 MP: 25/25
 30733 | Orc:2    | Found Fouto's General Store.
 30734 | Orc:2    | Found Fum Ecela's Book Shoppe.
 30735 | Orc:2    | Found Ytzin's Antique Armour Shoppe.
 30735 | Orc:2    | Found Nasadwet's Antique Weapon Emporium.
 30801 | Orc:2    | Found a staircase to the Elven Halls.
 30958 | Orc:2    | Bought a runed war axe for 175 gold pieces
 31234 | Swamp:1  | Entered Level 1 of the Swamp
 32836 | Swamp:1  | Reached skill level 5 in Shields
 33180 | Swamp:2  | HP: 6/149 [swamp dragon] (11)]
 33181 | Swamp:2  | HP: 2/149 [poisoned by a swamp dragon (poison gas)]
 33181 | Swamp:2  | Killed from afar by an insubstantial wisp

Levels and vault maps discovered:
D:1:      sevenhm_arrival_forest_fort_large_4, layout_loops_ring,
          minmay_crystal_room, hangedman_decor_clover_reticule,
          minmay_pentomino_w4
D:2:      layout_rooms, tso_altar, nemelex_xobeh_ov_fountains_minmay
D:3:      layout_loops_ring, kennysheep_potato, uniq_terence
D:4:      layout_cave_pools, marbit_many_paths,
          minmay_temple_entry_gardened_gates, biasface_ghost_orc_armoury,
          tgw_sif
D:5:      layout_loops_ring, lemuel_doored_altar,
          gammafunk_temple_overflow_pools, first_ration, enter_ossuary_4,
          serial_shops, nicolae_shop_behind_doors
D:6:      layout_basic, serial_shops, shop_statue
D:7:      layout_basic, kennysheep_mini, basic_altar, serial_shops, shop,
          grunt_dithmenos_smoke_and_mirrors
D:8:      layout_basic, vehumet_altar_wand_db, jiyva_altar_1
D:9:      layout_stronghold, nicolae_overflow_crystal_walls,
          serial_co_window_serial, co_window_of_opportunity_a,
          co_window_cross_1, co_window_corner_a, co_window_paths_b,
          co_window_corner_a, co_window_cross_4, co_window_2corner,
          co_window_broadway_c, co_window_corner_b, glass_columns_a,
          glass_columns_b, glass_columns_c, glass_columns_c, glass_columns_a,
          kennysheep_generic_room_4
D:10:     layout_roguey [special_room_orc], serial_shops,
          nicolae_shop_statue_plus, gammafunk_ghost_icy
D:11:     layout_rooms, erik_lair_dragon, grunt_pizzeria
D:12:     layout_roguey, zombieorc1_lemuel, gauntlet_entry_generic,
          nicolae_underground_beach, uniq_gastronok, uniq_sonja
D:13:     layout_long_grid, portal_ice_cave_entry_pillars_2
D:14:     layout_roguey, ximxim_vaults_locker_room,
          hangedman_abyss_or_decor_passed, evilmike_butchery
D:15:     hangedman_depths_entry_civil_slaughter, layout_basic, serial_ice,
          serial_ice_c, serial_ice_l, serial_ice_d, serial_ice_h, serial_shops,
          nicolae_shop_crystal, nicolae_shop_crystal, nicolae_shop_trees,
          shop_statue
Lair:1:   layout_roguey, gammafunk_ghost_wrathful_warriors,
          chequers_serial_rivers_room_b, lemuel_centaur_altar,
          infiniplex_staircase_pool_2, uniq_nergalle
Lair:2:   layout_long_grid, swamp_mist
Lair:3:   wander_river, layout_long_grid, minmay_snake_entry_guardpost_small,
          kennysheep_snail_temple, serial_bayou_shore_b
Lair:4:   layout_concentric_octagons, nicolae_volcano_entry_hallway, pond,
          lemuel_fruit_fields
Lair:5:   layout_gridlike
Lair:6:   hangedman_lair_caniforms_friends, layout_regular_city,
          dpeg_slime_entry_corner
Swamp:1:  layout_basic_swamp, nicolae_swamp_fairy_circle
Swamp:2:  layout_basic_swamp, hangedman_swamp_cone
Orc:1:    layout_caves, minmay_orc_temple_b, uniq_jorgrun
Orc:2:    st_orc_congregation, layout_caves

Skill      XL: |  1  2  3  4  5  6  7  8  9 10 11 12 13 14 15 16 |
---------------+-------------------------------------------------+-----
Dodging        | 1 2 3 4 5 6 7 8 9 |  9.0
Axes           | 2 3 4 5 6 7 8 10 11 12 13 | 13.9
Armour         | 2 3 4 5 7 8 9 10 11 12 | 12.0
Invocations    | 3 4 5 6 7 8 9 10 11 12 | 12.9
Fighting       | 4 5 6 7 8 9 10 | 10.9
Evocations     | 1 |  1.1
Shields        | 1 3 4 5 |  5.1
Throwing       | 1 |  1.1

Action                   |  1- 3 |  4- 6 |  7- 9 | 10-12 | 13-15 | 16-18 || total
-------------------------+-------+-------+-------+-------+-------+-------++-------
Melee: Hand axe          |    27 |       |     3 |   281 |  1637 |   188 ||  2136
       Kick              |    12 |    34 |   116 |   406 |   757 |   109 ||  1434
       War axe           |    77 |   194 |   447 |   736 |       |       ||  1454
       Rapier            |       |       |       |    17 |       |       ||    17
       Broad axe         |       |       |       |     7 |       |       ||     7
Throw: Boomerang         |       |       |       |     9 |       |       ||     9
       Javelin           |       |       |       |       |     8 |     3 ||    11
Invok: Depart the Abyss  |     1 |       |       |     1 |       |       ||     2
       Bend Space        |       |     1 |     1 |     5 |     1 |       ||     8
       Banish            |       |       |     2 |     3 |     2 |     3 ||    10
       Corrupt           |       |       |       |     1 |       |       ||     1
       Enter the Abyss   |       |       |       |     1 |       |       ||     1
Evoke: Wand              |       |       |     4 |     3 |       |       ||     7
  Use: Potion            |     1 |     2 |    10 |    14 |     9 |     2 ||    38
       Scroll            |     3 |     4 |     7 |     5 |    21 |     2 ||    42
 Stab: Invisible         |       |       |     3 |       |       |       ||     3
       Petrified         |       |       |       |       |    11 |       ||    11
  Eat: Chunk             |     1 |     6 |    24 |    26 |    30 |     4 ||    91
       Ration            |       |       |     1 |     1 |     2 |     1 ||     5
Armor: Plate armour      |   115 |   162 |       |       |       |       ||   277
       Chain mail        |       |    29 |   499 |   928 |   992 |   104 ||  2552
       Skin              |       |       |    14 |       |       |       ||    14
Dodge: Dodged            |    11 |    39 |   199 |   399 |   424 |    34 ||  1106
Block: Buckler           |       |       |       |     5 |    59 |       ||    64
       Shield            |       |       |       |       |   655 |   101 ||   756

Table legend:
 A = Non-vault XP
 B = Vault XP
 C = Vault XP percentage of total XP
 D = Non-vault monster count
 E = Vault monster count
 F = Vault count percentage of total count
                 A         B        C        D         E       F
            +---------+---------+-------+---------+---------+-------
      Total |  111381 |   58550 |  34.5 |     724 |     348 |  32.5
            +---------+---------+-------+---------+---------+-------
        D:1 |      25 |       9 |  26.5 |      14 |       5 |  26.3
        D:2 |      86 |       0 |   0.0 |      14 |       0 |   0.0
        D:3 |      91 |      53 |  36.8 |      19 |       4 |  17.4
        D:4 |     242 |     393 |  61.9 |      15 |      12 |  44.4
        D:5 |    1104 |       2 |   0.2 |      37 |       2 |   5.1
        D:6 |     403 |       0 |   0.0 |       9 |       0 |   0.0
        D:7 |    1853 |     127 |   6.4 |      48 |       3 |   5.9
        D:8 |     879 |      44 |   4.8 |      18 |       2 |  10.0
        D:9 |    2190 |     538 |  19.7 |      47 |       9 |  16.1
       D:10 |    2346 |    2019 |  46.3 |      38 |      26 |  40.6
       D:11 |    2374 |    1162 |  32.9 |      29 |       7 |  19.4
       D:12 |    3358 |    4121 |  55.1 |      37 |      34 |  47.9
       D:13 |    9029 |       0 |   0.0 |      55 |       0 |   0.0
       D:14 |   11482 |    4471 |  28.0 |      27 |      11 |  28.9
       D:15 |   15807 |    5557 |  26.0 |      37 |      15 |  28.8
     Lair:1 |    6446 |    1459 |  18.5 |      30 |       8 |  21.1
     Lair:2 |    5406 |       0 |   0.0 |      14 |       0 |   0.0
     Lair:3 |    5147 |    1835 |  26.3 |      22 |       6 |  21.4
     Lair:4 |    6051 |     254 |   4.0 |      28 |       2 |   6.7
     Lair:5 |    3470 |       0 |   0.0 |      15 |       0 |   0.0
     Lair:6 |    8791 |   11540 |  56.8 |      35 |      56 |  61.5
    Swamp:1 |   10376 |       0 |   0.0 |      29 |       0 |   0.0
    Swamp:2 |    3508 |       0 |   0.0 |      11 |       0 |   0.0
      Orc:1 |    5265 |    3226 |  38.0 |      32 |      12 |  27.3
      Orc:2 |    4712 |   11984 |  71.8 |      62 |      66 |  51.6
    Abyss:1 |     940 |       0 |   0.0 |       2 |       0 |   0.0
    Ossuary |       0 |     260 | 100.0 |       0 |      27 | 100.0
      IceCv |       0 |    5281 | 100.0 |       0 |      20 | 100.0
    Volcano |       0 |    4215 | 100.0 |       0 |      21 | 100.0
            +---------+---------+-------+---------+---------+-------
